[Event "Early-Titled-Tuesday-Blitz-March-05-2024"]
[Site "Chess.com"]
[Date "2024.03.05"]
[Round "7"]
[White "ansko1999"]
[Black "elmusmolamas"]
[Result "1-0"]
[WhiteElo "2715"]
[BlackElo "2509"]
[TimeControl "180+1"]
[EndTime "9:20:12 PST"]
[Termination "ansko1999 won on time"]

1. Nf3 Nc6 2. e4 e5 3. Bb5 Nf6 4. Nc3 Bb4 5. O-O O-O 6. d3 d6 7. Bxc6 bxc6 8. Bd2 h6 9. h3 Rb8 10. a3 Bc5 11. Na4 Bb6 12. Nxb6 Rxb6 13. b3 Re8 14. Be3 Rb7 15. Qd2 Nh5 16. Qa5 c5 17.
Nh2 Qh4 18. Qd2 Re6 19. f4 exf4 20. Bxf4 Nxf4 21. Rxf4 Qg5 22. Nf3 Qe7 23. Rf1 Rg6 24.
Nh4 Rg3 25. Qf2 Qg5 26. Rxf7 Bxh3 27. Rf8+ Kh7 28. Kh2 Bxg2 29. Nxg2 Rg4 30. Qf5+ Qxf5 31. R1xf5 a5 32. a4 c4 33. dxc4 Rxe4 34. R5f7 d5 35. cxd5 Rb6 36. Rf4 Re2 37. Rf2 Re5 38. R8f5 Re4 39.
R5f4 Re5 40. Rd4 Rg6 41. Nf4 Rg4 42. Kh3 Reg5 43. Rf3 h5 44. Rdd3 Rg1 45. Rf2 R5g4 46. Kh2 Rb1 47. Nh3 1-0

[Event "Early-Titled-Tuesday-Blitz-March-05-2024"]
[Site "Chess.com"]
[Date "2024.03.05"]
[Round "7"]
[White "Flaccidmoves"]
[Black "Ajedrez_con_German"]
[Result "0-1"]
[WhiteElo "2452"]
[BlackElo "2589"]
[TimeControl "180+1"]
[EndTime "9:20:12 PST"]
[Termination "Ajedrez_con_German won by resignation"]

1. Nf3 e6 2. d4 Nf6 3. g3 b6 4. Bg2 Bb7 5. O-O Be7 6. c4 O-O 7. Nc3 Ne4 8. d5 Nxc3 9. bxc3 Bf6 10. Nd4 e5 11. Nf5 d6 12. e4 Bc8 13. Qf3 Nd7 14. a4 a5 15. Ba3 g6 16. Nh6+ Kg7 17. Ng4 h5 18. Nxf6 Qxf6 19. Qe2 Ba6 20. Rab1 Rae8 21.
Bh3 Bc8 22. Rbe1 Re7 23. f4 exf4 24. gxf4 Qh4 25. Bxd7 Bxd7 26. e5 Rfe8 27. Qg2 Bh3 28.
Qg3 Qxg3+ 29. hxg3 Bxf1 30. Kxf1 g5 31. Kf2 h4 32.
Kf3 hxg3 33. Rg1 gxf4 34. exd6 cxd6 35. Bxd6 Re3+ 36. Kxf4 R8e4+ 37. Kf5 Rxc4 38. Be5+ Rxe5+ 39. Kxe5 Rxc3 40. d6 Rd3 41. d7 Rxd7 42. Rxg3+ Kf8 43. Rb3 Rb7 44. Kf6 Ke8 45. Rd3 Rd7 46. Re3+ Kd8 47. Rb3 Kc7 48. Rc3+ Kb7 49. Rc2 Rd4 50. Ra2 Rf4+ 51.
Ke5 Rf1 52. Rh2 f6+ 53. Ke6 f5 54. Kd6 Rd1+ 55. Ke5 Ra1 56. Rh6 Rxa4 57. Kxf5 Rd4 58. Ke5 Rd8 0-1

[Event "Early-Titled-Tuesday-Blitz-March-05-2024"]
[Site "Chess.com"]
[Date "2024.03.05"]
[Round "7"]
[White "Alenzer"]
[Black "Happy1712Drummer"]
[Result "0-1"]
[WhiteElo "2171"]
[BlackElo "2310"]
[TimeControl "180+1"]
[EndTime "9:20:12 PST"]
[Termination "Happy1712Drummer won on time"]

1. e4 c6 2. Nc3 d5 3. Qe2 d4 4.
Nd1 e5 5. g3 Nf6 6. Bg2 c5 7.
d3 Nc6 8. f4 Bd6 9. Nf3 Qc7 10.
f5 b5 11. O-O Ba6 12. a4 c4 13. axb5 cxd3 14. cxd3 Bxb5 15. Nf2 Nb4 16. Bg5 Be7 17. Rfc1 Qd7 18. Nxe5 Qd6 19. Bf4 Qb6 20. Nc4 Qd8 21.
e5 Nfd5 22. Nd6+ Kf8 23. Nxb5 Rb8 24. Nxa7 Nxf4 25. gxf4 Qb6 26. Nc6 Rd8 27. Nxe7 Kxe7 28. Ne4 Nd5 29. f6+ Kf8 30. fxg7+ Kxg7 31. Qg4+ Kf8 32. Kh1 Ne3 33. Qf3 Rg8 34. Ng5 h6 35. Qh5 hxg5 36. fxg5 Nxg2 37. Kxg2 Qxb2+ 38. Kh1 Qb7+ 39. Kg1 Qe7 40. Kh1 Rxg5 41. Qf3 Rxe5 42. Rf1 Rg5 43.
Rae1 Qc7 44. Qf6 Rg7 45. Qf3 Rh7 46. Qf2 Qb7+ 0-1

[Event "Early-Titled-Tuesday-Blitz-March-05-2024"]
[Site "Chess.com"]
[Date "2024.03.05"]
[Round "7"]
[White "Chernov_Alexander_A"]
[Black "iamanoush"]
[Result "1/2-1/2"]
[WhiteElo "2351"]
[BlackElo "2532"]
[TimeControl "180+1"]
[EndTime "9:20:13 PST"]
[Termination "Game drawn by repetition"]

1. d4 d5 2. Nc3 c6 3. e4 dxe4 4. Nxe4 Nf6 5. Nxf6+ exf6 6. Nf3 Bd6 7. g3 O-O 8. Bg2 Re8+ 9. Be3 Nd7 10. O-O Nf8 11.
Re1 Bg4 12. Qd2 Qd7 13. Bf4 Ng6 14. Bxd6 Qxd6 15. c3 Bxf3 16. Bxf3 f5 17. Rxe8+ Rxe8 18. Re1 Rxe1+ 19. Qxe1 Qe6 20. Qxe6 fxe6 21. Kf1 Kf7 22. Ke2 Ke7 23. Ke3 Kd6 24. Bh5 Ne7 25. c4 e5 26.
dxe5+ Kxe5 27. f4+ Kd6 28. b4 c5 29. b5 a6 30. a4 a5 31. Bf3 Kc7 32. Kd3 Nc8 33. Kc3 Nd6 34. Bd5 b6 35. Kd3 Kd7 36. Ke3 Ke7 37.
Kd3 Kf6 38. Ke3 h6 39. Kf3 g5 40. h4 Ne8 41. hxg5+ hxg5 42. Ke3 Nc7 43. Bc6 Ne6 44. fxg5+ Kxg5 45. Bf3 Nd4 46. Bd1 Ne6 47. Bf3 Kf6 48.
Bd5 Nd4 49. Bf3 Ke5 50. Bd1 Ne6 51. Kf3 Ng5+ 52. Ke3 Ne4 53. Kf3 Kd4 54. Kf4 Kxc4 55. g4 Nf2 56. gxf5 Kd5 57. Bc2 c4 58. Kg5 Nh3+ 59.
Kg4 Nf2+ 60. Kg5 Nh3+ 61. Kg4 Nf2+ 62. Kg5 1/2-1/2

[Event "Early-Titled-Tuesday-Blitz-March-05-2024"]
[Site "Chess.com"]
[Date "2024.03.05"]
[Round "7"]
[White "Smoking_Crow"]
[Black "SchmakAttack"]
[Result "0-1"]
[WhiteElo "2630"]
[BlackElo "2816"]
[TimeControl "180+1"]
[EndTime "9:20:14 PST"]
[Termination "SchmakAttack won by resignation"]

1. e4 e6 2. d4 d5 3. Nd2 c5 4. exd5 Qxd5 5. Ngf3 cxd4 6. Bc4 Qd6 7. O-O Nf6 8. Nb3 Nc6 9. Nbxd4 Nxd4 10. Nxd4 Be7 11. Re1 O-O 12. c3 Qc7 13. Qe2 Bd7 14. Bg5 a5 15.
Rad1 Rad8 16. Bh4 a4 17. Bg3 Qb6 18. a3 Qc5 19. Ba2 b5 20. Rd3 Rfe8 21. Red1 Bc8 22. Be5 Bb7 23. Rg3 Bd5 24. Bb1 Bc4 25. Qe3 Rd5 26.
Re1 Rxe5 27. Qxe5 Qxe5 28. Rxe5 Bd6 29. Re1 Bxg3 30. hxg3 Kf8 31. f3 g6 32. Kf2 Ke7 33. g4 Nd5 34. Be4 Kd6 35. Bxd5 Kxd5 36. g5 e5 37. f4 Bd3 38. Rxe5+ Rxe5 39. fxe5 Kxe5 40. Ke3 Bf1 41. Kf2 Bc4 42. Ke3 f6 43. gxf6 Kxf6 44. g3 g5 45. Nf3 h5 46. Nd2 Kf5 47. Ne4 h4 48. gxh4 gxh4 49. Nf2 Bd5 50. Nh3 Kg4 51.
Nf4 Bc4 52. Ng6 h3 53. Kf2 Bd5 54. Ne5+ Kf5 55. Nf3 Bxf3 56. Kxf3 Ke5 0-1

[Event "Early-Titled-Tuesday-Blitz-March-05-2024"]
[Site "Chess.com"]
[Date "2024.03.05"]
[Round "7"]
[White "BilodeauA"]
[Black "lilleper1"]
[Result "1-0"]
[WhiteElo "3010"]
[BlackElo "2923"]
[TimeControl "180+1"]
[EndTime "9:20:15 PST"]
[Termination "BilodeauA won on time"]

1. e4 c5 2. Nf3 d6 3. d4 cxd4 4.
Nxd4 Nf6 5. Nc3 a6 6. Be2 e5 7. Nb3 Be7 8. O-O O-O 9. Kh1 b6 10. Bg5 Nbd7 11. f3 Bb7 12. a4 Rc8 13. Be3 Qc7 14. Rf2 Rfd8 15. Bf1 Nc5 16. Nxc5 dxc5 17.
Rd2 c4 18. Rxd8+ Rxd8 19. Qe2 Rc8 20. Rd1 h6 21. Qf2 Nd7 22. Bxc4 Bc5 23. Bxc5 Nxc5 24. b3 Rd8 25. Nd5 Bxd5 26. Bxd5 Ne6 27. g3 Nd4 28. f4 Ne6 29. fxe5 b5 30. axb5 axb5 31. Rf1 Rd7 32. Qf5 Nd4 33. Qh5 Re7 34. c4 b4 35. c5 Nc6 36. Ra1 Nxe5 37. Qf5 Re8 38. c6 Qd6 39. Ra7 Rf8 40. Kg2 g6 41. Qf4 Qc5 42.
Ra2 Nd3 43. Qf1 Ne5 44. Rf2 Ng4 45. Qe2 Nxf2 46. Qxf2 Qc3 47. h4 Kg7 48. h5 gxh5 49. Qf5 Qf6 50. Qxh5 1-0

[Event "Early-Titled-Tuesday-Blitz-March-05-2024"]
[Site "Chess.com"]
[Date "2024.03.05"]
[Round "7"]
[White "BardArtem"]
[Black "RobertoJBM"]
[Result "1-0"]
[WhiteElo "2740"]
[BlackElo "2833"]
[TimeControl "180+1"]
[EndTime "9:20:17 PST"]
[Termination "BardArtem won by resignation"]

1. e4 c6 2. d4 d5 3. exd5 cxd5 4. Bd3 Nc6 5. c3 g6 6. h3 Bf5 7. Be2 Bh6 8. Bxh6 Nxh6 9. Nf3 Qd6 10. Nbd2 O-O 11.
Nf1 f6 12. Ne3 Rad8 13. Qd2 Kg7 14. O-O e5 15. dxe5 fxe5 16. Rad1 d4 17. cxd4 exd4 18. Nxf5+ Nxf5 19. Bd3 Nfe7 20. Be4 Rd7 21. Rfe1 Rf6 22. a3 a5 23. h4 Rf4 24. b4 axb4 25.
axb4 Nxb4 26. Nxd4 Rf6 27. h5 Nbd5 28. h6+ Kf7 29.
Nf3 Kg8 30. Bxd5+ Nxd5 31. Re8+ Rf8 32. Rxf8+ Qxf8 33. Qa2 Qf5 34. Nd4 Qe5 35. Qa8+ Kf7 36. Nf3 Qf4 37. Re1 Re7 38. Rd1 Rd7 39. Qa2 Qf5 40. Re1 Re7 41. Rd1 Rd7 42. Qa1 Qf6 43. Ne5+ Ke6 44. Nxd7 Qxa1 45. Nc5+ Kd6 46. Nxb7+ Kc7 47.
Rxa1 Kxb7 48. Re1 Kc6 49. Re6+ Kd7 50. Rxg6 1-0

[Event "Early-Titled-Tuesday-Blitz-March-05-2024"]
[Site "Chess.com"]
[Date "2024.03.05"]
[Round "7"]
[White "WindWhistler11"]
[Black "DarZay"]
[Result "1-0"]
[WhiteElo "2532"]
[BlackElo "2339"]
[TimeControl "180+1"]
[EndTime "9:20:17 PST"]
[Termination "WindWhistler11 won by checkmate"]

1. Nf3 Nf6 2. g3 d5 3. c4 e6 4. Bg2 c5 5. O-O Be7 6. b3 O-O 7.
Bb2 dxc4 8. bxc4 Nc6 9. a3 Nd4 10. Ne1 e5 11. e3 Nc6 12. Nc3 Be6 13. d3 Nd7 14. Qe2 f5 15. f4 exf4 16. gxf4 Qe8 17. Kh1 Nf6 18. Nf3 Qh5 19. Qe1 Ng4 20. Ne2 Nxe3 21. Ng3 Nxg2 22. Qxe6+ Qf7 23. Qxf7+ Rxf7 24. Kxg2 Rd8 25. Rad1 Na5 26. Rfe1 Bd6 27. Ng5 Rfd7 28. Nxf5 Rf8 29. Nxd6 Rxd6 30. Ne6 Re8 31. Nxc5 Rxe1 32. Rxe1 b6 33. Ne4 Rxd3 34. Ng5 Rd8 35. Re7 Kf8 36. Rxg7 Rd2+ 37. Kg3 Rxb2 38. Rxh7 Nxc4 39. Rxa7 Rb3+ 40.
Kh4 Nxa3 41. Ne6+ Kg8 42. f5 Nb5 43. Rg7+ Kh8 44. Kg5 Rb4 45. Rd7 Nc3 46. h3 Ra4 47. Kg6 Ra8 48. Rh7+ Kg8 49. Rg7+ Kh8 50. f6 Ne4 51.
Rh7+ Kg8 52. f7# 1-0

[Event "Early-Titled-Tuesday-Blitz-March-05-2024"]
[Site "Chess.com"]
[Date "2024.03.05"]
[Round "7"]
[White "Genghis_K"]
[Black "Evgeny81"]
[Result "0-1"]
[WhiteElo "2939"]
[BlackElo "2788"]
[TimeControl "180+1"]
[EndTime "9:20:19 PST"]
[Termination "Evgeny81 won by resignation"]

1. e4 e6 2. d4 d5 3. Nc3 Bb4 4. Ne2 Ne7 5. a3 Ba5 6. b4 Bb6 7. Bb2 a5 8. b5 a4 9. Qd3 O-O 10. O-O-O c6 11. h4 cxb5 12. Nxb5 Nbc6 13. h5 h6 14. g4 dxe4 15. Qxe4 Qd5 16. Nec3 Qxe4 17. Nxe4 Bd7 18. g5 hxg5 19. h6 f6 20. hxg7 Kxg7 21. Nxg5 Rh8 22. Rg1 fxg5 23. d5+ Kg6 24. dxc6 Bxc6 25.
Bd3+ Nf5 26. Bxh8 Rxh8 27. Rge1 Kf6 28. Bxf5 Kxf5 29. Nd4+ Bxd4 30. Rxd4 Rh2 31. Rd2 e5 32.
Re3 Kf4 33. Rc3 g4 34. Kb2 Rh3 35. Rd8 Rxc3 36. Kxc3 Kf3 37. Rg8 Be4 38. Rg5 Bc6 39. Kd2 Kf4 40. Rg8 Kf3 41. Rf8+ Ke4 42. Kc3 Bd5 43.
Kb4 Bc6 44. Kc5 Bd5 45. Kb4 Bc6 46. Kc4 Bd5+ 47. Kc5 Bc6 48. c4 Kd3 49. Rg8 Bf3 50. Re8 e4 51. Kb6 Ke2 52. Kxb7 e3+ 53. Kb6 Kxf2 54. c5 e2 55. c6 Bxc6 56. Kxc6 e1=Q 57. Rxe1 Kxe1 58. Kb5 g3 59. Kxa4 g2 60. Kb5 g1=Q 0-1

[Event "Early-Titled-Tuesday-Blitz-March-05-2024"]
[Site "Chess.com"]
[Date "2024.03.05"]
[Round "7"]
[White "Akylbek2021"]
[Black "guillembaches"]
[Result "1/2-1/2"]
[WhiteElo "2316"]
[BlackElo "2524"]
[TimeControl "180+1"]
[EndTime "9:20:19 PST"]
[Termination "Game drawn - insufficient material"]

1. d4 d5 2. Nf3 e6 3. c4 a6 4.
cxd5 exd5 5. Nc3 Nf6 6. Bg5 Be6 7. Qc2 Nbd7 8. e3 Bd6 9. Bd3 c6 10. O-O Qc7 11. Rab1 h6 12. Bh4 g5 13. Bg3 Bxg3 14. hxg3 Qd6 15. b4 Rg8 16. a4 Rc8 17. b5 axb5 18.
axb5 c5 19. dxc5 Rxc5 20. Qb2 h5 21. Na4 Rc8 22. Qb4 Ke7 23. Nd4 Qxb4 24. Rxb4 h4 25. gxh4 gxh4 26. Nf5+ Bxf5 27. Bxf5 Rc4 28. Rxc4 dxc4 29.
Rc1 Rg5 30. e4 h3 31. g3 Ne5 32. f4 Rxg3+ 33. Kh2 Nd3 34. Kxg3 Nxc1 35. e5 Nh5+ 36. Kxh3 Nxf4+ 37. Kg4 Nfd3 38. b6 Na2 39. Bxd3 cxd3 40.
Kf3 Nb4 41. Nc5 Nd5 42. Nxb7 Nxb6 43. Nc5 Nd7 44. Nxd3 Ke6 45. Kf4 Nxe5 46. Nxe5 f6 47. Nf3 Kf7 48. Ke3 Kg6 49. Nd4 Kg5 50. Ke4 Kg6 51.
Nf5 Kf7 52. Kf4 Ke6 53. Ng7+ Kf7 54. Nh5 Kg6 55. Nxf6 1/2-1/2

[Event "Early-Titled-Tuesday-Blitz-March-05-2024"]
[Site "Chess.com"]
[Date "2024.03.05"]
[Round "7"]
[White "awesomevishesh"]
[Black "Sebastian"]
[Result "0-1"]
[WhiteElo "2644"]
[BlackElo "2917"]
[TimeControl "180+1"]
[EndTime "9:20:20 PST"]
[Termination "Sebastian won by resignation"]

1. d4 d5 2. c4 dxc4 3. Nf3 Nf6 4. e3 e6 5. Bxc4 a6 6. O-O c5 7. dxc5 Bxc5 8. Qxd8+ Kxd8 9. b3 Ke7 10. Bb2 Nbd7 11.
Nbd2 b6 12. Rfd1 Bb7 13. Be2 Rhd8 14. Nc4 Bd5 15. Rac1 b5 16. Nce5 Nxe5 17. Nxe5 Bd6 18. f3 Rac8 19. e4 Bb7 20. Kf2 Ne8 21. Nd3 f6 22. h4 e5 23. Rxc8 Rxc8 24. Rc1 Rxc1 25. Bxc1 Nc7 26. Be3 Ne6 27. g3 g5 28. Bf1 g4 29. Be2 gxf3 30. Bxf3 b4 31. Nb2 Bc5 32.
Nc4 Bc6 33. Bxc5+ Nxc5 34. Ke3 Ne6 35. Bg4 Nd4 36. Bd1 Nb5 37. Bc2 Bd7 38. Bd3 Nd4 39. Nb6 a5 40. Nc4 a4 41. bxa4 Bxa4 42. Nb6 Bc6 43. Bc4 Kd6 44. Bd5 Bb5 45. Bb3 Kc5 46.
Bf7 Kxb6 47. g4 h6 48. Bg8 Kc5 49. Bd5 Bd7 50. g5 fxg5 51. hxg5 hxg5 52. Kf2 Be6 0-1

[Event "Early-Titled-Tuesday-Blitz-March-05-2024"]
[Site "Chess.com"]
[Date "2024.03.05"]
[Round "7"]
[White "sathvikadiga"]
[Black "ChessQueen"]
[Result "0-1"]
[WhiteElo "2590"]
[BlackElo "2775"]
[TimeControl "180+1"]
[EndTime "9:20:20 PST"]
[Termination "ChessQueen won on time"]

1. e4 c6 2. d4 d5 3. Nc3 dxe4 4.
Nxe4 Nf6 5. Nxf6+ exf6 6. c3 Bd6 7. Bd3 Na6 8. Ne2 O-O 9. Qc2 g6 10. h4 Re8 11. h5 f5 12. Bh6 Nc7 13. Qd2 Nd5 14.
O-O-O Qc7 15. Bg5 Be6 16. Rh4 f6 17. hxg6 fxg5 18. Rxh7 Bf4 19. Nxf4 Qxf4 20. Rxb7 Qxd2+ 21. Kxd2 Rab8 22. Rxb8 Rxb8 23. b3 Kg7 24. Re1 Kf6 25. g3 Rh8 26. a3 Rh2 27. Re2 Bg8 28. c4 Ne7 29. Kc3 Nxg6 30. Re8 Ne7 31. Rf8+ Kg7 32. Re8 Kf7 33. Ra8 Rxf2 34. Rxa7 Rf3 35. a4 f4 36. Kd2 fxg3 37. Be4 Rf4 38. Bxc6 Bh7 39. Ke3 Kf6 40. Bh1 Bc2 41. Ra6+ Kg7 42. Ra7 Kf8 43.
Ra8+ Kf7 44. Ra7 Ke8 45. Ra8+ Kd7 46. Ra7+ Kd8 47. Ra8+ Nc8 48. Bb7 Bf5 49. c5 Kc7 0-1

[Event "Early-Titled-Tuesday-Blitz-March-05-2024"]
[Site "Chess.com"]
[Date "2024.03.05"]
[Round "7"]
[White "Herzog2012"]
[Black "AlexPapasimakopoulos"]
[Result "0-1"]
[WhiteElo "2509"]
[BlackElo "2748"]
[TimeControl "180+1"]
[EndTime "9:20:20 PST"]
[Termination "AlexPapasimakopoulos won on time"]

1. e4 e6 2. d4 d5 3. Nd2 Nf6 4. e5 Nfd7 5. Bd3 c5 6. c3 b5 7. Bxb5 Qb6 8. Bxd7+ Bxd7 9. Ne2 Bb5 10. dxc5 Bxc5 11.
O-O Nc6 12. Nb3 Nxe5 13. Nxc5 Qxc5 14. Be3 Qc4 15. Ng3 Qh4 16. Re1 Ng4 17. h3 Nxe3 18.
Rxe3 O-O 19. Nh5 g6 20. Ng3 Rfd8 21. Qf3 a5 22. Rd1 a4 23. Rd4 Qh6 24. b3 axb3 25.
axb3 Bc6 26. c4 Qg7 27. Qf4 dxc4 28. Rxd8+ Rxd8 29. Nh5 Qa1+ 30. Kh2 Qd4 31. bxc4 Qxf4+ 32. Nxf4 Rd4 33. Nd3 Rxc4 34. Ne5 Rc5 35. g4 g5 36.
Nxc6 Rxc6 37. Kg3 Kg7 38. h4 h6 39. f4 gxf4+ 40. Kxf4 Rc4+ 41. Kg3 Kf6 42. Rf3+ Kg6 43. Re3 Ra4 44. Kh3 h5 45. g5 Rg4 46. Rf3 Kg7 47. Rf6 e5 48. Rf5 e4 49. Re5 Kg6 50. Re8 Kf5 51. Rh8 e3 52. Re8 Re4 0-1

[Event "Early-Titled-Tuesday-Blitz-March-05-2024"]
[Site "Chess.com"]
[Date "2024.03.05"]
[Round "7"]
[White "cristianserban1"]
[Black "Lennis93"]
[Result "1-0"]
[WhiteElo "2502"]
[BlackElo "2696"]
[TimeControl "180+1"]
[EndTime "9:20:22 PST"]
[Termination "cristianserban1 won on time"]

1. Nf3 Nf6 2. b3 b6 3. Bb2 Bb7 4. g3 g6 5. Bg2 Bg7 6. O-O O-O 7. c4 c5 8. e3 d5 9. cxd5 Bxd5 10. Nc3 Bb7 11. d4 Nbd7 12. Qe2 cxd4 13. Nxd4 Bxg2 14. Kxg2 Qc7 15. Rac1 Rac8 16. Rfd1 Qb7+ 17. Qf3 Qxf3+ 18. Kxf3 a6 19. Ba3 Rfe8 20. Nce2 Bf8 21. Rxc8 Rxc8 22. Rc1 Ne5+ 23. Kg2 Rxc1 24. Nxc1 e6 25. Bxf8 Kxf8 26. h3 Nd5 27. f4 Nd7 28. Kf3 e5 29. Nc6 exf4 30.
gxf4 Nc3 31. Nd4 Nc5 32. Nde2 N3e4 33. Nd4 f5 34. Ke2 Ke7 35. Nf3 h6 36. Ne5 g5 37. Nf3 g4 38. hxg4 fxg4 39. Ne5 h5 40.
Kf1 Kf6 41. Ne2 Kf5 42. Nd4+ Kf6 43. Kg2 b5 44. b4 Ne6 45. Nxe6 Kxe6 46. Nc6 Nc3 47. Nb8 Nxa2 48. Nxa6 Kd5 49. Kg3 Ke4 50. Kh4 Kxe3 51. f5 Nc3 52. f6 1-0

[Event "Early-Titled-Tuesday-Blitz-March-05-2024"]
[Site "Chess.com"]
[Date "2024.03.05"]
[Round "7"]
[White "Chessmissile07"]
[Black "ChessSwole"]
[Result "1-0"]
[WhiteElo "2917"]
[BlackElo "2719"]
[TimeControl "180+1"]
[EndTime "9:20:24 PST"]
[Termination "Chessmissile07 won on time"]

1. a3 a6 2. g3 g6 3. Bg2 Bg7 4. c4 e5 5. Nc3 Ne7 6. e4 O-O 7. Nge2 c6 8. O-O b5 9. d3 d6 10.
b3 Nd7 11. Be3 Rb8 12. Rc1 Nf6 13. h3 d5 14. cxd5 cxd5 15. Bc5 d4 16. Nd5 Nfxd5 17. exd5 Re8 18. d6 Nf5 19. Ba7 Rb7 20. Bxb7 Bxb7 21. Bc5 Nxd6 22. Bxd6 Qxd6 23. b4 Qd5 24. f3 Bh6 25. Rc5 Qd7 26. Kh2 Bf8 27. Rc2 a5 28.
Qc1 axb4 29. Rc7 Qd5 30. axb4 Bxb4 31. Qg5 Bd6 32. Rd7 Bc6 33. Rd8 Qa2 34. Rf2 Qe6 35. Ng1 Kg7 36. Rxe8 Bxe8 37. Qd8 Bd7 38. Qb6 e4 39.
Qxd4+ Kg8 40. Qxe4 Qf6 41. Ne2 b4 42. Qd4 Qe6 43. Nf4 Bxf4 44. Qxf4 Qxh3+ 45. Kg1 b3 46. Rh2 Qe6 47. Qb8+ Kg7 48. Qb4 Qe3+ 49. Rf2 Qxd3 50. Rd2 Qb1+ 51. Kg2 Be6 52. Qd4+ Kg8 53. Qf6 Bh3+ 54.
Kh2 1-0

[Event "Early-Titled-Tuesday-Blitz-March-05-2024"]
[Site "Chess.com"]
[Date "2024.03.05"]
[Round "7"]
[White "GilbertoHernandezAmura"]
[Black "Let_it_be_1"]
[Result "0-1"]
[WhiteElo "2448"]
[BlackElo "2586"]
[TimeControl "180+1"]
[EndTime "9:20:24 PST"]
[Termination "Let_it_be_1 won by checkmate"]

1. c4 e6 2. g3 d5 3. Bg2 Nf6 4. Nf3 Be7 5. Nc3 O-O 6. O-O dxc4 7. Qc2 a6 8. a4 c5 9. Ne4 Nc6 10. Qxc4 b6 11. d3 Bb7 12. Bf4 Nxe4 13. Qxe4 Qd7 14. Ne5 Nxe5 15. Qxb7 Qxb7 16. Bxb7 Ra7 17. Bxa6 Ng6 18.
Bb5 Nxf4 19. gxf4 Bf6 20. Rab1 Rd8 21. e3 e5 22. f5 g6 23. fxg6 hxg6 24. b4 Be7 25. bxc5 Bxc5 26. Kg2 Kg7 27. Rfc1 f5 28. Rc4 Kf6 29. h4 g5 30. hxg5+ Kxg5 31. Kf3 Rxd3 32. Rg1+ Kf6 33. Rh4 e4+ 34. Ke2 Rd6 35. Rh6+ Ke5 36. Rxd6 Bxd6 37. Rg6 Rc7 38. Kf1 Rc1+ 39. Kg2 Rc2 40.
Rg7 Bc5 41. Rg8 Bxe3 42. Re8+ Kf4 43. Re6 Rxf2+ 44. Kh3 Rc2 45. Bd7 Rc3 46. Rf6 Rc5 47. Rf8 Bd4 48. Kh4 Bf2+ 49. Kh3 e3 50. Kg2 Bg3 51.
Kf1 Rc1+ 52. Ke2 Rc2+ 53. Kd1 e2+ 54. Kxc2 e1=Q 55. Rxf5+ Ke4 56. Rf8 Be5 57. Bc6+ Ke3 58. Re8 Qc3+ 59. Kd1 Qd2# 0-1

[Event "Early-Titled-Tuesday-Blitz-March-05-2024"]
[Site "Chess.com"]
[Date "2024.03.05"]
[Round "7"]
[White "MathiasWomacka"]
[Black "yonaltimur"]
[Result "1-0"]
[WhiteElo "2518"]
[BlackElo "2354"]
[TimeControl "180+1"]
[EndTime "9:20:25 PST"]
[Termination "MathiasWomacka won on time"]

1. e4 c5 2. Nf3 d6 3. d4 cxd4 4.
Nxd4 Nf6 5. Nc3 a6 6. Be2 e5 7. Nb3 Be6 8. f4 Qc7 9. g4 exf4 10. g5 Nfd7 11. Bxf4 Ne5 12. Qd2 Be7 13. O-O-O Nbd7 14. Nd4 O-O-O 15. h4 g6 16. Kb1 Kb8 17. Nd5 Bxd5 18. exd5 Rde8 19. Rh3 Bf8 20. Rb3 Ka8 21. Ra3 Nc5 22. Qc3 Qb6 23. Ka1 Bg7 24. Nb3 Ne4 25. Qe1 Nd7 26. Bg4 Nf2 27. Bxd7 Rxe1 28. Rxe1 Qb4 29. Bd2 Qxa3 30. c3 Qxb3 31. axb3 Nd3 32. Re7 Ne5 33. Bh3 Kb8 34. Bf4 Rf8 35. b4 Ka8 36. Ka2 Kb8 37. Kb3 Bh8 38. Ka4 f6 39.
Rxh7 f5 40. b5 axb5+ 41. Kxb5 Nf7 42. Kb6 Ka8 43. Bf1 Kb8 44. Bb5 Be5 45. Bxe5 dxe5 46. Bd7 Nd6 47. Be6 f4 48. Kc5 f3 49. Kxd6 f2 50. Bh3 e4 51. Re7 f1=Q 52. Bxf1 Rxf1 53. Rxe4 1-0

[Event "Early-Titled-Tuesday-Blitz-March-05-2024"]
[Site "Chess.com"]
[Date "2024.03.05"]
[Round "7"]
[White "yuriydovzik"]
[Black "Arteler"]
[Result "0-1"]
[WhiteElo "2088"]
[BlackElo "2420"]
[TimeControl "180+1"]
[EndTime "9:20:25 PST"]
[Termination "Arteler won on time"]

1. b3 Nf6 2. Bb2 g6 3. e4 Bg7 4. e5 Nd5 5. c4 Nb6 6. d4 d6 7. exd6 exd6 8. Nf3 O-O 9. Be2 Re8 10. O-O Bg4 11.
h3 Bf5 12. Nc3 N8d7 13. a4 Nf6 14. a5 Nbd7 15. a6 bxa6 16. Rxa6 Qc8 17. Ra3 Ne4 18.
Nh4 Nxc3 19. Bxc3 Be4 20. Bf3 Bxf3 21. Qxf3 Qb8 22. Rfa1 Nf6 23. d5 Nh5 24. Bxg7 Nxg7 25. Qc3 Qb6 26. Nf3 Re2 27. Qd4 Qxd4 28. Nxd4 Rb2 29.
Rxa7 Rxa7 30. Rxa7 h5 31. Rxc7 Rb1+ 32. Kh2 Rd1 33.
Nc6 Rd2 34. f4 Nf5 35. Ne7+ Nxe7 36. Rxe7 Kf8 37. Rd7 Rd3 38. Rxd6 Rxb3 39. f5 gxf5 40. h4 Kg7 41. Rc6 Rc3 42. d6 Rd3 43. c5 Rd5 44. Rc7 Kf8 45. d7 Ke7 46. c6 Rd6 0-1

[Event "Early-Titled-Tuesday-Blitz-March-05-2024"]
[Site "Chess.com"]
[Date "2024.03.05"]
[Round "7"]
[White "LiadCuba"]
[Black "Meri-Arabidze"]
[Result "0-1"]
[WhiteElo "2511"]
[BlackElo "2701"]
[TimeControl "180+1"]
[EndTime "9:20:26 PST"]
[Termination "Meri-Arabidze won by checkmate"]

1. d4 f5 2. g4 d5 3. gxf5 Bxf5 4. Nc3 Nf6 5. f3 Nc6 6. Bg2 Qd7 7. Be3 O-O-O 8. Bf2 g5 9. Qd2 g4 10. O-O-O h5 11.
f4 e6 12. e3 Bb4 13. Nge2 Be4 14. Bxe4 Nxe4 15. Qe1 Ne7 16. Bh4 Rdf8 17. a3 Bxc3 18. Nxc3 Nf5 19. Nxe4 dxe4 20. Bg5 h4 21. d5 Kb8 22.
dxe6 Qxe6 23. Kb1 a6 24. Rg1 g3 25. hxg3 hxg3 26. Qc3 Qb6 27. Rd7 Qc6 28. Qxc6 bxc6 29.
Rd2 Nxe3 30. Be7 Rf7 31. Bc5 Nf5 32. Re2 e3 33. Kc1 Rh2 34. Kd1 Rd7+ 35. Ke1 Rd2 36. Rxh2 gxh2 37. Rg8+ Kb7 38. Rh8 Ng3 39. Bxe3 Re2+ 40.
Kd1 Rxe3 41. b4 h1=Q+ 42. Rxh1 Nxh1 43. Kd2 Rf3 44. a4 Rxf4 45. Kc3 Ng3 46. Kb3 Ne4 47.
c3 Rf3 48. a5 Nxc3 49. Kc4 Nd5 50. Kd4 Nxb4 51. Kc4 c5 52. Kxc5 Nc6 53. Kc4 Nxa5+ 54. Kb4 Nc6+ 55. Ka4 Rf4+ 56. Ka3 a5 57. Kb3 a4+ 58. Ka3 Kb6 59. Kb2 Kb5 60. Ka2 Rf3 61. Kb2 Kb4 62. Ka2 a3 63. Kb1 Rf2 64. Ka1 Kb3 65. Kb1 Rf1# 0-1

[Event "Early-Titled-Tuesday-Blitz-March-05-2024"]
[Site "Chess.com"]
[Date "2024.03.05"]
[Round "7"]
[White "chess123456s"]
[Black "MyDream003"]
[Result "1-0"]
[WhiteElo "2574"]
[BlackElo "2755"]
[TimeControl "180+1"]
[EndTime "9:20:29 PST"]
[Termination "chess123456s won by checkmate"]

1. e4 c6 2. d4 d5 3. exd5 cxd5 4. Bd3 Nc6 5. c3 Nf6 6. Bf4 e6 7. Nf3 Bd6 8. Bxd6 Qxd6 9. Qe2 Bd7 10. Nbd2 O-O 11. Ne5 Rfe8 12. f4 Rad8 13. O-O Bc8 14. Ndf3 Ne7 15. Ng5 Rf8 16. Rf3 Nf5 17. Rh3 h6 18.
Re1 Qb6 19. Kh1 Nd6 20. Bb1 Rfe8 21. Qf2 Kf8 22. Nh7+ Ke7 23. Rxh6 Rh8 24. Qh4 Ne8 25. Nxf6 Rxh6 26. Nxd5+ Kd6 27. Nc4+ Kc6 28. Qxh6 gxh6 29. Ndxb6 axb6 30. Ne5+ Kc7 31. Nxf7 Rd7 32. Ne5 Rg7 33. g3 Nf6 34. Bd3 h5 35. Kg2 h4 36. Kf3 h3 37. g4 Nd5 38. Be4 Nf6 39. g5 Ne8 40. Rg1 b5 41. Rg3 b4 42. Rxh3 bxc3 43. bxc3 Nd6 44.
Rh7 Rxh7 45. Bxh7 Kd8 46. Bd3 Ne8 47. h4 b6 48. h5 Bb7+ 49. Kg4 Ke7 50. h6 Kf8 51. h7 Kg7 52. Nf7 Ba6 53. h8=Q+ Kxf7 54. Bxa6 Kg6 55. Qh6+ Kf7 56. Qh5+ Kg7 57. Qxe8 Kh7 58. Qe7+ Kg6 59. Qxe6+ Kg7 60. Kh5 Kh7 61. Qe7+ Kh8 62.
Kg6 Kg8 63. Qe8# 1-0

[Event "Early-Titled-Tuesday-Blitz-March-05-2024"]
[Site "Chess.com"]
[Date "2024.03.05"]
[Round "7"]
[White "lamomiajunior"]
[Black "Muracle"]
[Result "0-1"]
[WhiteElo "2714"]
[BlackElo "2528"]
[TimeControl "180+1"]
[EndTime "9:20:29 PST"]
[Termination "Muracle won by resignation"]

1. d4 Nf6 2. c4 e6 3. Nc3 Bb4 4.
f3 d5 5. a3 Bxc3+ 6. bxc3 O-O 7. cxd5 exd5 8. e3 c5 9. Bd3 Nc6 10. Ne2 Qa5 11. O-O Re8 12. Bd2 Qc7 13. Ng3 g6 14. Ra2 Bd7 15. Bc1 Re7 16. Re2 Rae8 17. Rfe1 h5 18. Bb2 h4 19. Nf1 h3 20. g4 Nxg4 21. fxg4 Bxg4 22. Qd2 Bxe2 23. Qxe2 Qb6 24. Ba1 Qa5 25. Rd1 Qxa3 26. Qf3 cxd4 27. cxd4 Qa4 28. Qe2 Qa5 29. Qg4 Qa4 30. Rc1 Ne5 31. Qe2 Nxd3 32. Qxd3 b5 33. Bb2 b4 34. Ra1 Qc6 35. Qe2 Qc4 36. Qg4 Qc2 37. Bc1 b3 38.
Qxh3 b2 39. Bxb2 Qxb2 40. Ra6 Qe2 41. Ra3 Re4 42. Rxa7 Rg4+ 43. Kh1 Rc8 44. Ra1 Re8 45. Ra6 Rg5 46. Rf6 Rh5 47. Qg3 Re7 48. Rf2 Qd3 49.
Rf4 Qe2 50. Rf2 Qa6 51. Qb8+ Kg7 52. Qd8 Qe6 53. Ng3 Rh4 54. Rg2 Rg4 55. h3 Rg5 56. h4 Qh3+ 57. Rh2 Qxg3 58. hxg5 Qf3+ 59. Kg1 Qxe3+ 60.
Rf2 Qxg5+ 61. Kf1 Re1+ 62. Kxe1 Qxd8 0-1